 Dungeon Crawl Stone Soup version 0.25-a0-734-g73332aeda9 (webtiles) character file.

Game seed: 16638493818059754948, levelgen mode: deterministic

4419 wullow the Blocker (level 10, 0/79 HPs)
             Began as a Demonspawn Fighter on Apr 11, 2020.
             Was an Elder of Okawaru.
             Slain by a two-headed ogre
             ... wielding a +0 giant club
              (11 damage)
             ... on level 8 of the Dungeon.
             The game lasted 00:24:39 (8709 turns).

wullow the Blocker (Demonspawn Fighter)             Turns: 8709, Time: 00:24:39

Health: 0/79       AC:  7    Str: 16    XL:     10   Next: 14%
Magic:  0/10       EV: 10    Int: 11    God:    Okawaru [****..]
Gold:   248        SH: 11    Dex: 15    Spells: 9/9 levels left

rFire    + . .     SeeInvis +   s - +2 dagger (venom)
rCold    . . .     Gourm    .   c - +0 kite shield
rNeg     . . .     Faith    .   C - +0 troll leather armour
rPois    .         Spirit   +   (helmet unavailable)
rElec    .         Reflect  .   u - +2 cloak
rCorr    .         Harm     .   (no gloves)
MR       .....                  (no boots)
Stlth    +.........             y - amulet of magic regeneration
HPRegen  0.63/turn              v - ring of protection from fire
MPRegen  0.49/turn              r - ring of wizardry

@: no status effects
A: antennae 3, powered by death 1, magic shield, magic regeneration, sturdy
frame 1
a: Heroism, Renounce Religion


You were on level 8 of the Dungeon.
You worshipped Okawaru.
Okawaru was greatly pleased with you.
You were not hungry.

You visited 2 branches of the dungeon, and saw 10 of its levels.

You collected 450 gold pieces.
You spent 202 gold pieces at shops.

Inventory:

Hand Weapons
 a - a +0 rapier
 d - a +3 trident of freezing
 s - a +2 dagger of venom (weapon)
Missiles
 g - 146 stones (quivered)
 p - 158 arrows
 t - 25 sling bullets
 A - 10 poisoned darts
Armour
 b - a +0 scale mail
 c - a +0 kite shield (worn)
 u - a +2 cloak (worn)
 C - a +0 troll leather armour (worn)
Jewellery
 r - a ring of wizardry (right hand)
 v - a ring of protection from fire (left hand)
 y - an amulet of magic regeneration (around neck)
 F - an uncursed amulet of regeneration {unknown}
Wands
 m - a wand of disintegration (13)
 q - a wand of random effects (16)
 B - a wand of paralysis (10)
Scrolls
 h - 2 scrolls of fog
 j - a scroll of amnesia
 l - 7 scrolls of remove curse
 n - 8 scrolls of identify
 o - a scroll of noise {unknown}
Potions
 e - 2 potions of magic
 i - a potion of berserk rage
 k - a potion of haste {unknown}
 w - a potion of lignification
 x - a potion of invisibility {unknown}
 D - a potion of brilliance {unknown}
 E - 2 potions of heal wounds {unknown}
Comestibles
 f - 12 rations


   Skills:
 + Level 7.3 Fighting
 * Level 8.8 Short Blades
 - Level 3.0 Armour
 * Level 9.0 Shields


You had 9 spell levels left.
You didn't know any spells.
Your spell library contained the following spells:

 Spells                   Type           Power        Failure   Level  Hunger
 Foxfire                  Conj/Fire      #...         32%         1    ##.....
 Conjure Flame            Conj/Fire      #.......     65%         3    ####...
 Inner Flame              Hex/Fire       #.......     65%         3    ####...
 Sticky Flame             Conj/Fire      #.......     95%         4    #####..
 Fireball                 Conj/Fire      #.........   100%        5    ######.


Dungeon Overview and Level Annotations

Branches:
Dungeon (9/15)             Temple (1/1) D:6
   Lair: D:8-11         Orc: D:9-12

Altars:
Ashenzari
Cheibriados
Dithmenos
Elyvilon
Gozag
Hepliaklqana
Kikubaaqudgha
Nemelex Xobeh
Okawaru
Qazlal
Ru
Sif Muna
Trog
Uskayaw
Vehumet
Wu Jian
Xom
Yredelemnul
Zin
The Shining One

Shops:
D:5 [


Innate Abilities, Weirdness & Mutations

You have a pair of large antennae on your head. (SInv)
You regenerate a little health from kills.
When hurt, damage is shared between your health and your magic reserves.
You regenerate magic rapidly.
Your movements are slightly less encumbered by armour. (ER -2)


Message History

The two-headed ogre hits you with a +0 giant club!
* * * LOW HITPOINT WARNING * * *
The two-headed ogre misses you.
You climb upwards.
There is a stone staircase leading down here.
You hit the two-headed ogre but do no damage.
The two-headed ogre is poisoned.
The two-headed ogre is lightly wounded.
The two-headed ogre hits you with a +0 giant club!
* * * LOW HITPOINT WARNING * * *
The two-headed ogre closely misses you.
A two-headed ogre is nearby!
You barely miss the two-headed ogre.
The two-headed ogre is lightly wounded.
You hit the two-headed ogre.
The two-headed ogre looks even sicker.
The two-headed ogre is lightly wounded.
The two-headed ogre hits you with a +0 giant club!
* * * LOW HITPOINT WARNING * * *
The two-headed ogre hits you with a +0 giant club!
You die...

##)####'###...≈≈≈.....[...#
# #..# #.#
#...≈≈≈.........# #
##.###.# ##..≈≈≈.........#
# #..##.# #..≈≈≈.........#
# ##.##.# #...8..........#
# #.##.# ##.............# #
#.##'######...############
#............#)...........
#.....<..@...#.###########
#>......O....#)# #......
##...........#[# #......
#...........#.# #######
#######...........#.#
#.........#########.# #####
#.........# #.# #....
#.........# #.#######'###
#.........# #.#........#


You could see a two-headed ogre.

Vanquished Creatures
  A two-headed ogre (D:8)
  A troll (D:8)
  A steam dragon (D:7)
  Menkaure (D:6)
  A water moccasin (D:8)
  3 orc warriors
  4 sky beasts
  A black bear (D:7)
  3 ogres
  3 centaurs
  2 bullfrogs
  A scorpion (D:6)
  5 killer bees (D:8)
  13 wights
  2 jellies
  2 crimson imps
  2 orc priests
  A quasit (D:6)
  3 hounds
  12 orc wizards
  A bullfrog skeleton (D:6)
  2 iguanas (D:6)
  4 worker ants
  2 hound skeletons
  A worker ant zombie (D:7)
  6 adders
  An ooze (D:2)
  2 worms (D:2)
  3 dart slugs
  3 leopard geckos
  31 orcs
  A ball python (D:1)
  8 giant cockroaches
  15 goblins
  6 hobgoblins
  13 jackals
  A quokka (D:3)
  13 bats
  3 frilled lizards
  5 kobolds
  A leopard gecko zombie (D:5)
  11 rats
195 creatures vanquished.

Vanquished Creatures (others)
  An adder zombie (D:7)
1 creature vanquished.

Grand Total: 196 creatures vanquished

Notes
Turn   | Place    | Note
-------+----------+-------------------------------------------
     0 | D:1      | wullow the Demonspawn Fighter began the quest for the Orb.
     0 | D:1      | Reached XP level 1. HP: 18/18 MP: 1/1
   163 | D:1      | Gained mutation: When hurt, damage is shared between your
                  | health and your magic reserves. [demonic ancestry]
   163 | D:1      | Reached XP level 2. HP: 6/24 MP: 2/2
   470 | D:1      | Reached skill level 3 in Shields
   812 | D:1      | Reached XP level 3. HP: 28/29 MP: 3/3
  1482 | D:2      | Reached XP level 4. HP: 24/35 MP: 1/4
  2090 | D:3      | Found a shadowy altar of Dithmenos.
  2345 | D:3      | Found a sacrificial altar of Ru.
  2720 | D:4      | Noticed a centaur
  2731 | D:4      | Killed a centaur
  2731 | D:4      | Reached skill level 4 in Shields
  2731 | D:4      | Gained mutation: You regenerate magic rapidly. [demonic
                  | ancestry]
  2731 | D:4      | Reached XP level 5. HP: 40/42 MP: 3/5
  2990 | D:4      | Gained mutation: Your movements are slightly less
                  | encumbered by armour. (ER -2) [demonic ancestry]
  2990 | D:4      | Reached XP level 6. HP: 35/48 MP: 6/6
  3392 | D:5      | Entered Level 5 of the Dungeon
  3449 | D:5      | Found Xuitiusu's Antique Armour Shop.
  3456 | D:5      | Bought an embroidered cloak for 202 gold pieces
  3715 | D:5      | Found a stormy altar of Qazlal.
  3763 | D:5      | Found a hide-covered altar of Uskayaw.
  3769 | D:5      | Found a bloodstained altar of Trog.
  3770 | D:5      | Found an opulent altar of Gozag.
  3772 | D:5      | Found a glowing silver altar of Zin.
  3971 | D:6      | Gained mutation: You have a pair of small antennae on your
                  | head. [demonic ancestry]
  3971 | D:6      | Reached XP level 7. HP: 41/55 MP: 5/7
  4053 | D:6      | Reached skill level 5 in Shields
  4398 | D:6      | Reached skill level 5 in Short Blades
  4422 | D:6      | Found a staircase to the Ecumenical Temple.
  4552 | D:6      | Reached skill level 5 in Fighting
  4560 | D:6      | Gained mutation: You have a pair of antennae on your head.
                  | [demonic ancestry]
  4560 | D:6      | Reached XP level 8. HP: 49/62 MP: 8/8
  4668 | D:6      | Reached skill level 6 in Shields
  4782 | D:6      | Noticed Menkaure
  5148 | D:6      | Killed Menkaure
  5363 | Temple   | Entered the Ecumenical Temple
  5422 | Temple   | Became a worshipper of Warmaster Okawaru
  5870 | D:7      | Reached skill level 7 in Shields
  6273 | D:7      | Reached * piety under Okawaru
  6273 | D:7      | Gained mutation: You regenerate a little health from kills.
                  | [demonic ancestry]
  6273 | D:7      | Reached XP level 9. HP: 25/69 MP: 6/9
  7135 | D:8      | Noticed a two-headed ogre
  7274 | D:8      | Reached ** piety under Okawaru
  7303 | D:8      | Reached skill level 8 in Shields
  8184 | D:8      | Killed a two-headed ogre
  8184 | D:8      | Reached *** piety under Okawaru
  8184 | D:8      | Gained mutation: You have a pair of large antennae on your
                  | head. (SInv) [demonic ancestry]
  8184 | D:8      | Reached XP level 10. HP: 35/79 MP: 6/10
  8326 | D:8      | Reached skill level 9 in Shields
  8337 | D:8      | Reached **** piety under Okawaru
  8688 | D:9      | Noticed a two-headed ogre
  8709 | D:8      | Slain by a two-headed ogre

Levels and vault maps discovered:
D:1:      dpeg_arrival_subterranean_lakeside_camping, layout_basic
D:2:      layout_loops_cross, chequers_serial_rivers_micro_e
D:3:      layout_loops_ring, nicolae_overflow_hidden_temple,
          grunt_dithmenos_smoke_and_mirrors, first_ration
D:4:      layout_loops_ring, minmay_misc_feat_iff
D:5:      layout_rooms, minitemple, grunt_qazlal_clouds, serial_shops,
          nicolae_shop_overgrown_old_shop
D:6:      layout_basic, minmay_temple_entry_glassed_door, minmay_microvault,
          uniq_menkaure
D:7:      layout_gridville, grunt_potential
D:8:      layout_basic, nicolae_ossuary_entry_ruins, serial_park_tiny_pond
D:9:      layout_loops_ring
Temple:   cyrus_circular_temple

Skill      XL: |  1  2  3  4  5  6  7  8  9 10 |
---------------+-------------------------------+-----
Short Blades   | 2 3 4 5 6 8 |  8.8
Shields        | 3 4 5 7 8 9 |  9.0
Armour         | 3 |  3.0
Fighting       | 4 5 6 7 |  7.3

Action                   |  1- 3 |  4- 6 |  7- 9 | 10-12 || total
-------------------------+-------+-------+-------+-------++-------
Melee: Dagger            |   223 |   109 |   420 |    35 ||   787
       Rapier            |    85 |    80 |   163 |    15 ||   343
  Use: Scroll            |       |       |     9 |       ||     9
       Potion            |       |       |     3 |       ||     3
  Eat: Chunk             |     2 |     9 |     7 |     1 ||    19
       Ration            |       |       |     2 |       ||     2
Armor: Scale mail        |   149 |    78 |   137 |    14 ||   378
       Skin              |       |       |     2 |       ||     2
Dodge: Dodged            |    68 |    48 |   144 |    15 ||   275
Block: Kite shield       |   171 |    89 |   250 |    13 ||   523

Table legend:
 A = Non-vault XP
 B = Vault XP
 C = Vault XP percentage of total XP
 D = Non-vault monster count
 E = Vault monster count
 F = Vault count percentage of total count
                 A         B        C        D         E       F
            +---------+---------+-------+---------+---------+-------
      Total |    5867 |     446 |   7.1 |     182 |      14 |   7.1
            +---------+---------+-------+---------+---------+-------
        D:1 |      44 |       8 |  15.4 |      24 |       6 |  20.0
        D:2 |      74 |       0 |   0.0 |      25 |       0 |   0.0
        D:3 |      54 |       0 |   0.0 |      19 |       0 |   0.0
        D:4 |     321 |       0 |   0.0 |       6 |       0 |   0.0
        D:5 |     119 |       0 |   0.0 |      12 |       0 |   0.0
        D:6 |    1272 |     168 |  11.7 |      43 |       2 |   4.4
        D:7 |     868 |     270 |  23.7 |      21 |       6 |  22.2
        D:8 |    3115 |       0 |   0.0 |      32 |       0 |   0.0
            +---------+---------+-------+---------+---------+-------
